[Event "Romanian Superleague 2022"]
[Site "Oradea"]
[Date "2022.09.28"]
[Round "8.12"]
[White "Talu, Mircea"]
[Black "Gulie, Cosmin"]
[Result "1-0"]
[ECO "B35"]
[WhiteElo "2331"]
[BlackElo "1973"]
[Annotator "TA"]
[PlyCount "125"]
[EventDate "2022.09.21"]
[EventType "team-tourn"]
[EventCountry "ROU"]
[SourceTitle "playchess.com"]
[Source "ChessBase"]
[SourceQuality "1"]
[TimeControl "40/5400+30:1800+30"]

1. e4 c5 2. Nf3 g6 3. d4 cxd4 4. Nxd4 Bg7 5. Be3 Nc6 6. Nc3 Nf6 7. Bc4 O-O 8. Bb3 Ng4 9. Qxg4 Nxd4 10. Qd1 Nxb3 11. axb3 Bxc3+ {[%emt 0:01:01] B35: Sicilian: Accelerated Dragon with 5 Nc3: main line.} 12. bxc3 Qc7 13. c4 b6 {[%emt 0:00:32] White is slightly better.} 14. Bh6 Re8 15. Qd4 e5 {[%emt 0:00:59] [#]} 16. Qd2 $146 ({Predecessor:} 16. Qd3 Bb7 17. O-O Qc6 18. f3 a5 19. Rfd1 Rad8 20. Bg5 f6 21. Bh4 g5 22. Bf2 {1-0 (36) Doran,C-Barene,S Helsingor 2008}) 16... Qc6 17. f3 Re6 18. h4 $36 {[%emt 0:17:56][%mdl 2048] White is in control.} Qd6 19. g4 Qxd2+ 20. Kxd2 Bb7 21. Ke2 f6 22. Rhd1 Bc6 23. Be3 Ree8 24. Kf2 Reb8 25. b4 a6 {[%emt 0:01:05] Inhibits b5.} 26. Rd6 Kg7 27. g5 $1 {[%emt 0:03:29] White has more active pieces.} fxg5 28. hxg5 b5 29. c5 Rf8 30. Ke2 Rf7 31. Bd2 Kg8 32. Bc3 Re7 33. Kf2 Rf8 34. Kg3 (34. Rxa6 $6 Bxe4 35. Rf6 Bc6 $11) 34... Ra8 35. Kg4 Kf7 36. Kg3 Kg8 $1 37. Rf6 Ree8 38. Kg4 Re7 39. Ra3 Ree8 40. Ra1 Re7 $1 41. Rd1 Rf8 42. Rdd6 Rxf6 (42... Ree8 $16 43. Rxf8+ Kxf8) 43. gxf6 $16 {[%emt 0:01:42][%mdl 4096] Endgame KRB-KRB} (43. Rxf6 Re8 44. Rd6 Kf7 $16) 43... Re8 44. Kg5 Kf7 45. Kh6 Kg8 46. Bd2 (46. Bb2 $18) 46... Ra8 47. Be1 Kf7 (47... Rc8 $16 {might work better.} 48. Bg3 Re8) 48. Kxh7 (48. Bc3 $18) 48... g5 {[%emt 0:00:10][%cal Og5g4] [#]} 49. Kh6 $1 Rg8 50. Kh5 {[%emt 0:00:39] Bc3 is the strong threat.} Rg6 51. Kg4 {[%emt 0:02:01] And now Kf5 would win.} Rxf6 {[%emt 0:00:50] [#]} 52. Rd3 $1 (52. Kxg5 $6 Rxf3 53. Rd3 Rf4 $11) 52... Rf4+ (52... d6 $16 53. cxd6 Ke6) 53. Kxg5 $18 Ke6 54. Bg3 Rf8 55. Rd6+ Ke7 56. Bh4 ({Don't take} 56. Bxe5 $6 Rxf3 57. c3 (57. Bf6+ Ke8 $14) 57... Re3 $14) 56... Rf4 57. Kh5+ Kf7 58. Rd3 {[%emt 0:00:14] Hoping for Bg5.} Ke8 59. Bg3 Bxe4 $2 (59... Rf8 60. Bxe5 Rg8) 60. Bxf4 Bxd3 61. cxd3 exf4 62. Kg4 a5 63. bxa5 {[%emt 0:00:07] Weighted Error Value: White=0.11 (very precise) /Black=0.21 (precise)} 1-0

[Event "Romanian Superleague 2022"]
[Site "Oradea"]
[Date "2022.09.28"]
[Round "8.13"]
[White "Berkes, Ferenc"]
[Black "Pranav Vijay"]
[Result "1/2-1/2"]
[ECO "A07"]
[WhiteElo "2651"]
[BlackElo "2265"]
[Annotator "TA"]
[PlyCount "131"]
[EventDate "2022.09.21"]
[EventType "team-tourn"]
[EventCountry "ROU"]
[SourceTitle "playchess.com"]
[Source "ChessBase"]
[SourceQuality "1"]
[TimeControl "40/5400+30:1800+30"]

1. Nf3 Nf6 2. g3 d5 3. Bg2 c6 4. O-O Bg4 5. h3 Bh5 6. d4 {[%emt 0:00:18][%cal Oc2c4] A07: Réti Opening: New York and Capablanca Systems.} Nbd7 7. c4 e6 8. cxd5 cxd5 9. Nc3 Bd6 10. Qb3 Qb6 11. e4 Nxe4 12. Nxe4 dxe4 13. Ng5 Qxb3 14. axb3 Nf6 15. Nxe4 Nxe4 16. Bxe4 Rb8 17. Rxa7 Be2 18. Re1 Ba6 {[%emt 0:00:07] [#]} 19. Be3 $146 {[%emt 0:09:37] White is much more active. The black rooks are badly placed.} ({Predecessor:} 19. Bd2 O-O 20. Rc1 Rfd8 21. b4 h6 22. b5 Bxb5 23. Rxb7 Rxb7 24. Bxb7 Be7 25. Rc8 Rxc8 26. Bxc8 {1-0 (78) Svane,R (2613)-Mirimanian,H (2268) Chess.com INT 2020}) 19... O-O 20. Rc1 Rfd8 21. Bg2 Kf8 22. Bf1 Bxf1 23. Kxf1 Ke8 24. Ke2 Rd7 25. g4 Rbd8 26. g5 e5 27. dxe5 Bxe5 28. Rc4 Bxb2 29. Rb4 Rb8 30. Rh4 f6 31. Rxh7 Kf7 32. gxf6 Bxf6 {[%emt 0:00:33] [#] Strongly threatening ...Kg6.} 33. Ra5 $1 Rc8 34. Rhh5 Rc2+ 35. Kf3 $1 Rc3 36. Rab5 Bd4 37. Rh4 Bxe3 $1 38. fxe3 $11 {[%emt 0:00:07][%mdl 4096] Endgame KRR-KRR} Rdd3 $1 39. Rxb7+ Kg8 40. Rb8+ Kf7 41. Rf4+ Kg6 $1 42. Rg4+ Kh7 43. Re8 Rxb3 44. Re7 Kh6 45. Re6+ Kh7 46. h4 Rd7 47. Rf4 Rb1 {[%emt 0:00:19] The position is equal.} 48. Re5 Rf1+ 49. Ke4 Rg1 50. Rh5+ Kg6 51. Rd5 Re7+ 52. Re5 Ra7 53. h5+ Kh7 54. Rff5 Ra4+ 55. Kd5 Rd1+ 56. Ke6 Ra6+ 57. Kf7 Rd7+ 58. Re7 Rxe7+ 59. Kxe7 {[%emt 0:00:07] KR-KR} g6 60. hxg6+ Kxg6 61. Rd5 {[%emt 0:00:06] [#] White threatens Rd6+ and mate.} Ra7+ 62. Ke6 Ra6+ 63. Rd6 Ra4 64. Rd4 Ra6+ 65. Rd6 Ra4 66. Ke5+ {[%emt 0:00:09] Weighted Error Value: White=0.04 (flawless) /Black=0.04 (flawless)} 1/2-1/2

[Event "Romanian Superleague 2022"]
[Site "Oradea"]
[Date "2022.09.28"]
[Round "8.14"]
[White "Grigore, George-Gabriel"]
[Black "Lupulescu, Constantin"]
[Result "0-1"]
[ECO "E35"]
[WhiteElo "2455"]
[BlackElo "2614"]
[Annotator "TA"]
[PlyCount "94"]
[EventDate "2022.09.21"]
[EventType "team-tourn"]
[EventCountry "ROU"]
[SourceTitle "playchess.com"]
[Source "ChessBase"]
[SourceQuality "1"]
[TimeControl "40/5400+30:1800+30"]

1. d4 {[%emt 0:00:08] Marin,M} Nf6 2. c4 e6 3. Nc3 Bb4 4. Qc2 d5 5. cxd5 exd5 6. Bg5 h6 7. Bxf6 Qxf6 8. a3 Bxc3+ 9. Qxc3 O-O 10. e3 Bf5 11. Nf3 Nd7 {[%emt 0:03:12] E35: Nimzo-Indian: Classical: 4...d5 5 cxd5 exd5.} 12. Be2 Rfc8 13. O-O c5 {[%emt 0:00:38] [#] The position is equal.} 14. Rfc1 $146 ({Predecessor:} 14. b3 Qb6 15. dxc5 Nxc5 16. b4 Na4 17. Qe5 Nc3 18. Rfe1 Bg4 19. Bd3 Bxf3 20. gxf3 {½-½ (87) Radjabov,T (2793)-Grischuk,A (2764) London 2013 CBM 154 [Marin,M]}) 14... c4 15. a4 Qb6 {[%emt 0:10:21] Against b3} 16. Nd2 (16. a5 $5 Qc6 17. Nd2 $11) 16... Rc6 17. Bf3 Nf6 18. h3 Rac8 19. Re1 a5 20. e4 dxe4 21. Bxe4 Bxe4 22. Nxe4 Nd5 23. Qd2 Rg6 24. Nc3 Qc6 25. g3 Nb4 26. Re3 Rd8 27. Kh2 Rf6 $40 {[%emt 0:02:41][%cal Od8d4][%mdl 128] Black mounts an attack.} 28. Rf1 Nd5 29. Re5 Nxc3 30. Qxc3 (30. bxc3 $11 Qxa4 31. Rb1) 30... b6 $17 ({Of course not} 30... Qxa4 $6 31. Rxa5 Qd7 32. Qxc4 $11) 31. Rb5 Rf3 {[%emt 0:00:41] Black is more active.} 32. Rxb6 Qxb6 33. Qxf3 Qxb2 {[%emt 0:01:02][%mdl 4096] Endgame KQR-KQR} 34. Qf5 Qxd4 35. Qxa5 c3 {[%emt 0:00:11] aiming for ...c2.} 36. Qc7 {[%emt 0:00:33] [#]} Rd5 37. a5 {[%emt 0:00:39] [#] Loses the game.} (37. Qf4 $17 {was worth a try.}) 37... Rc5 $1 $19 38. Qb8+ (38. Qa7) 38... Kh7 {[%emt 0:00:04] Strongly threatening ...c2. Black is clearly winning.} 39. Qf4 Qxf4 40. gxf4 Rxa5 {[%emt 0:00:00] KR-KR} 41. Rc1 Rc5 {[%emt 0:00:15] Threatens to win with ...Kg6.} 42. Rc2 Kg6 {[%emt 0:01:34] Hoping for ...Kf5.} 43. Kg3 Kf5 {[%emt 0:01:34] White must now prevent ...Ke4.} 44. Kf3 h5 45. Ke3 Rc8 46. Kf3 g6 47. Ke3 Rc4 {[%emt 0:00:42] Weighted Error Value: White=0.51/Black=0.09 (flawless)} 0-1

[Event "Romanian Superleague 2022"]
[Site "Oradea"]
[Date "2022.09.28"]
[Round "8.15"]
[White "Jianu, Vlad-Cristian"]
[Black "Istratescu, Andrei"]
[Result "1-0"]
[ECO "E05"]
[WhiteElo "2511"]
[BlackElo "2408"]
[Annotator "TA"]
[PlyCount "41"]
[EventDate "2022.09.21"]
[EventType "team-tourn"]
[EventCountry "ROU"]
[SourceTitle "playchess.com"]
[Source "ChessBase"]
[SourceQuality "1"]
[TimeControl "40/5400+30:1800+30"]

1. d4 Nf6 2. Nf3 d5 3. g3 e6 4. Bg2 Be7 5. O-O O-O 6. c4 dxc4 7. Qc2 a6 8. a4 Bd7 9. Qxc4 Bc6 10. Bg5 a5 11. Nc3 Na6 12. Rfd1 Nb4 {[%emt 0:04:34] E05: Open Catalan: 5 Nf3 Be7.} (12... Bd5 $5 13. Nxd5 exd5 $11) 13. Rac1 h6 14. Bxf6 Bxf6 {[%emt 0:00:50] White has an edge.} 15. e4 {[%emt 0:00:07] [#]} Qb8 $146 ({Predecessor:} 15... Bd7 16. h4 c6 17. Qe2 Be7 18. Ne5 Bd6 19. Nc4 Bc7 20. e5 Nd5 21. Ne4 Nb6 {1-0 (60) Le,T (2501)-Djordjevic,V (2347) Chess.com INT 2020}) 16. b3 Bd7 17. h4 g6 (17... Rd8 $11) 18. Qe2 Rd8 19. Qe3 Bg7 20. h5 gxh5 {[%emt 0:00:57] [#]} ({Black should try} 20... g5 $1 $14) 21. Ne2 $1 {[%emt 0:02:12] Weighted Error Value: White=0.11 (very precise) /Black=0.34} 1-0

[Event "Romanian Superleague 2022"]
[Site "Oradea"]
[Date "2022.09.28"]
[Round "8.16"]
[White "Vedmediuc, Serghei"]
[Black "Parligras, Mircea-Emilian"]
[Result "0-1"]
[ECO "B51"]
[WhiteElo "2430"]
[BlackElo "2560"]
[Annotator "TA"]
[PlyCount "80"]
[EventDate "2022.09.21"]
[EventType "team-tourn"]
[EventCountry "ROU"]
[SourceTitle "playchess.com"]
[Source "ChessBase"]
[SourceQuality "1"]
[TimeControl "40/5400+30:1800+30"]

1. e4 c5 2. Nf3 d6 3. Bb5+ Nd7 4. c3 Ngf6 5. Qe2 a6 6. Ba4 b5 7. Bc2 Bb7 {[%emt 0:00:26] B51: Sicilian: Moscow Variation (3 Bb5+) without 3...Bd7.} 8. d4 e6 9. O-O Be7 {[%emt 0:00:22] The position is equal.} 10. Re1 O-O 11. Nbd2 Qc7 12. Nf1 cxd4 $5 {[%emt 0:01:52][%mdl 4] Leaves trodden paths.} 13. cxd4 Rfc8 14. Bd3 e5 15. Ng3 exd4 16. Nxd4 {[%emt 0:16:57] [#]} Ne5 $146 ({Predecessor:} 16... g6 17. b3 Re8 18. Bb2 Bf8 19. Qd2 Ne5 20. Rac1 Qb6 21. Bb1 Nfg4 22. h3 Bh6 {1-0 (42) Ter Sahakyan,S (2593)-Salem,A (2615) Martuni 2015}) 17. Ndf5 Bf8 18. Bf4 (18. Bg5 $5 ) 18... g6 19. Nh6+ Kh8 20. Rad1 (20. Red1 {with more complications.} Qe7 21. a4 bxa4 22. Rxa4 Nfd7 23. Bxa6 Bxa6 24. Rxa6 Rxa6 25. Qxa6 Rb8 26. Qe2) 20... Ng8 21. Nxg8 ({Don't play} 21. Rc1 Qe7 22. Nxg8 Kxg8 $11) 21... Kxg8 22. Bb1 Re8 23. Nf1 Re6 24. Ne3 (24. f3 {looks sharper.} f5 25. Qc2 Qe7 26. Bxe5 Rxe5 27. Qb3+) 24... Rae8 25. b3 Nd7 26. Qd2 Nf6 27. f3 Nh5 $1 28. Bg5 Qc5 29. Bh4 d5 $1 30. Rc1 Qb4 31. Qxb4 Bxb4 32. Red1 dxe4 33. Rc7 (33. fxe4 $17 Bxe4 34. Nc2) 33... exf3 $19 34. Rxb7 Rxe3 35. Bf2 Rc3 36. a4 $2 {[%emt 0:01:39] [#]} (36. Rbd7 {is a better defense.}) 36... fxg2 37. axb5 $2 (37. Kxg2 Bc5 38. Rc7 Nf4+ 39. Kh1) 37... axb5 $2 (37... Nf4 {( -> ...Re2)} 38. bxa6 Bc5 39. Bxc5 Rxc5) 38. Rxb5 Rxb3 39. Ba2 $2 (39. Rd4 {might work better.} Rxb1+ 40. Kxg2) 39... Rb2 {[%emt 0:01:19] [#] White must now prevent ...Nf4.} 40. Bc4 (40. Rb1 $142 Rxa2 41. R5xb4) 40... Nf4 {[%emt 0:00:00] Weighted Error Value: White=0.63/Black=0.21 (precise)} 0-1

[Event "Romanian Superleague 2022"]
[Site "Oradea"]
[Date "2022.09.28"]
[Round "8.17"]
[White "Gavrilescu, David"]
[Black "Manea, Alexandru"]
[Result "1-0"]
[ECO "C20"]
[WhiteElo "2523"]
[BlackElo "2326"]
[Annotator "TA"]
[PlyCount "37"]
[EventDate "2022.09.21"]
[EventType "team-tourn"]
[EventCountry "ROU"]
[SourceTitle "playchess.com"]
[Source "ChessBase"]
[SourceQuality "1"]
[TimeControl "40/5400+30:1800+30"]

1. e4 e5 2. Ne2 Nf6 3. d4 d5 4. exd5 exd4 5. Qxd4 Nxd5 6. Nbc3 {[%emt 0:02:20] [#] C20: 1 e4 e5: Unusual White second moves.} Nb4 $146 (6... Be6 $11 {remains equal.}) ({Predecessor:} 6... Be6 7. Nf4 Nc6 8. Bb5 Nxf4 9. Qxd8+ Rxd8 10. Bxf4 Bd6 11. Bxd6 Rxd6 12. Ne4 Rd5 13. Bxc6+ bxc6 {1-0 (53) Ivanchuk,V (2738)-Anand,V (2786) Leuven 2017}) 7. Qxd8+ $16 Kxd8 8. Bg5+ {[%emt 0:00:09] White is better.} Be7 9. O-O-O+ Bd7 10. Bxe7+ Kxe7 11. Nf4 Rc8 12. Bc4 Be8 13. Rhe1+ Kf8 14. Re3 Nd7 15. Ne4 {[%emt 0:13:43] White is much more active. The black rooks are badly placed.} (15. Be2 $16) 15... Nb6 $1 $11 16. Bb3 $36 {[%emt 0:03:57][%mdl 2048] Strongly threatening c3. White is pushing.} Rd8 (16... c5 $1 $11 {keeps the balance.}) 17. Rxd8 $16 Rxd8 18. Ng5 h6 {[%emt 0:15:23][%mdl 8192] [#]} (18... c5 $16) 19. Ng6+ $1 {[%emt 0:00:06][%mdl 512] Weighted Error Value: White=0.18 (very precise) /Black=0.62} 1-0

[Event "Romanian Superleague 2022"]
[Site "Oradea"]
[Date "2022.09.28"]
[Round "8.18"]
[White "Antonica, Dragos-Andrei"]
[Black "Costachi, Mihnea"]
[Result "1/2-1/2"]
[ECO "D03"]
[WhiteElo "2321"]
[BlackElo "2470"]
[Annotator "TA"]
[PlyCount "47"]
[EventDate "2022.09.21"]
[EventType "team-tourn"]
[EventCountry "ROU"]
[SourceTitle "playchess.com"]
[Source "ChessBase"]
[SourceQuality "1"]
[TimeControl "40/5400+30:1800+30"]

1. d4 Nf6 2. Nf3 g6 3. Bg5 Bg7 4. Nbd2 d5 5. e3 c5 6. c3 Qb6 7. Qb3 Nc6 8. Be2 O-O 9. O-O Bf5 10. dxc5 {[%emt 0:02:48] has lost popularity (10.a4).} Qxc5 11. Nd4 Bc8 12. Rfd1 {[%emt 0:07:19] D03: 1 d4 d5 2 Nf3 Nf6 3 Bg5, including Torre Attack with early ...d5.} e5 13. Qb5 Qd6 14. N4b3 a6 15. Qc5 {[%emt 0:20:47] [#]} Qxc5 $146 ({Predecessor:} 15... Qe6 16. c4 b6 17. cxd5 Nxd5 18. Qc4 h6 19. Bf3 Ncb4 20. e4 Nf4 21. Bxf4 Qxc4 22. Nxc4 {½-½ (22) Ye,R (2545)-Ftacnik,L (2590) Bacolod 1991}) 16. Nxc5 h6 17. Bxf6 Bxf6 18. Ndb3 Rd8 19. Rd2 d4 20. Bf3 dxc3 {[%emt 0:03:29] The position is equal.} 21. Rxd8+ Nxd8 22. bxc3 Rb8 23. Rd1 Be7 24. Nd7 {[%emt 0:06:19] An interesting draw.  Weighted Error Value: White=0.05 (flawless) /Black=0.05 (flawless)} 1/2-1/2

[Event "Romanian Superleague 2022"]
[Site "Oradea"]
[Date "2022.09.28"]
[Round "8.19"]
[White "Efimenko, Zahar"]
[Black "Deac, Bogdan-Daniel"]
[Result "1/2-1/2"]
[ECO "C28"]
[WhiteElo "2599"]
[BlackElo "2710"]
[Annotator "TA"]
[PlyCount "75"]
[EventDate "2022.09.21"]
[EventType "team-tourn"]
[EventCountry "ROU"]
[SourceTitle "playchess.com"]
[Source "ChessBase"]
[SourceQuality "1"]
[TimeControl "40/5400+30:1800+30"]

1. e4 e5 2. Bc4 Nf6 3. Nc3 Nc6 4. d3 Bb4 5. Nf3 d6 6. O-O Bxc3 7. bxc3 h6 8. Re1 O-O 9. h3 Be6 {[%emt 0:12:39] [#] C28: Vienna Game: 2...Nf6 3 Bc4 Nc6.} 10. Bxe6 $146 ({Predecessor:} 10. Bb5 a6 11. Ba4 b5 12. Bb3 Re8 13. Bb2 Qd7 14. Rc1 Re7 15. d4 Bxb3 16. cxb3 exd4 17. cxd4 Nxe4 {0-1 (34) Civi,A (1677)-Isyar,V Hatay 2018}) 10... fxe6 11. Rb1 b6 12. d4 Qe8 13. Qe2 Rd8 14. Qb5 Nh5 15. Be3 ({Of course not} 15. dxe5 {[#]} Rxf3 $1 16. gxf3 Qg6+ 17. Kh1 Nxe5 $15) 15... Rxf3 16. gxf3 $16 a6 17. Qxa6 Ne7 (17... Qf7 $142) 18. Kh2 (18. dxe5 $16 dxe5 19. Qc4) 18... Ng6 $1 $14 19. Rg1 Nh4 $1 20. Rg4 Nxf3+ {[%emt 0:05:32] Pair of Knights!} 21. Kh1 Kh8 22. Qe2 Qf7 23. Rd1 Rf8 24. Rd3 Qf6 25. a3 d5 26. Bc1 exd4 27. exd5 e5 $2 (27... Ne5 $11 {and Black has nothing to worry.}) 28. cxd4 $2 ({Better is} 28. Qe4 $18) 28... Nxd4 $11 {[%emt 0:00:07] The position is equal.} 29. Rgxd4 exd4 30. Qxh5 Qxf2 31. Rd1 {[%emt 0:01:00][%cal Oc1h6] [#] Inhibits Qf1+. Threatens to win with Bxh6!} Qxc2 {[%emt 0:00:22] ( -> ...Rf2)} 32. Bxh6 Qe4+ 33. Kg1 {[%emt 0:00:07] And now Bd2+ would win.} gxh6 (33... Qf3 $2 34. Qxf3 Rxf3 35. Bc1 $18) 34. Qxh6+ Kg8 {[%emt 0:00:06] White must now prevent ...c5.} 35. Qg5+ Kh7 36. Qh5+ Kg7 37. Qg5+ Kh7 {[%emt 0:00:12] Strongly threatening ...Rg8.} 38. Qh5+ {[%emt 0:00:16] Weighted Error Value: White=0.18 (very precise) /Black=0.19 (very precise)} 1/2-1/2

[Event "Romanian Superleague 2022"]
[Site "Oradea"]
[Date "2022.09.28"]
[Round "8.20"]
[White "Miroshnichenko, Evgenij"]
[Black "Baklan, Vladimir"]
[Result "1/2-1/2"]
[ECO "A14"]
[WhiteElo "2597"]
[BlackElo "2578"]
[Annotator "TA"]
[PlyCount "31"]
[EventDate "2022.09.21"]
[EventType "team-tourn"]
[EventCountry "ROU"]
[SourceTitle "playchess.com"]
[Source "ChessBase"]
[SourceQuality "1"]
[TimeControl "40/5400+30:1800+30"]

1. Nf3 Nf6 2. c4 b6 3. g3 Bb7 4. Bg2 e6 5. O-O Be7 6. Nc3 O-O 7. b3 d5 8. cxd5 Nxd5 9. Nxd5 Bxd5 10. Bb2 c5 11. d4 {[%emt 0:07:57] The position is equal. is the new trend.} Bf6 {[%emt 0:05:22] A14: English Opening: 1...e6 with b3 by White.} 12. Qc2 $5 {[%emt 0:06:10][%mdl 4] An interesting side line.} cxd4 {[%emt 0:02:37] [#]} 13. Rfd1 $146 ({Predecessor:} 13. Rad1 Nc6 14. e4 dxe3 15. fxe3 Bxb2 16. Qxb2 Qf6 17. Qe2 Ne7 18. e4 Bc6 19. e5 {1-0 (28) Sawlin,L (2385)-Skalik,P (2367) Chess.com INT 2021}) 13... Nc6 14. Nxd4 Nxd4 15. Bxd4 Bxg2 16. Bxf6 {[%emt 0:00:05] An even fight not without its subleties.  Weighted Error Value: White=0.03 (flawless) /Black=0.01 (flawless)} 1/2-1/2

[Event "Romanian Superleague 2022"]
[Site "Oradea"]
[Date "2022.09.28"]
[Round "8.21"]
[White "Nanu, Costica-Ciprian"]
[Black "Iordachescu, Viorel"]
[Result "1/2-1/2"]
[ECO "E11"]
[WhiteElo "2518"]
[BlackElo "2585"]
[Annotator "TA"]
[PlyCount "28"]
[EventDate "2022.09.21"]
[EventType "team-tourn"]
[EventCountry "ROU"]
[SourceTitle "playchess.com"]
[Source "ChessBase"]
[SourceQuality "1"]
[TimeControl "40/5400+30:1800+30"]

1. d4 Nf6 2. Nf3 e6 3. c4 Bb4+ 4. Bd2 a5 5. Nc3 d5 6. cxd5 {[%emt 0:02:30] E11: Bogo-Indian.} exd5 {[%emt 0:00:41] The position is equal.} 7. Bg5 c6 8. e3 Bf5 9. Bd3 Bxd3 10. Qxd3 {[%emt 0:00:06] [#]} O-O $146 ({Predecessor:} 10... Nbd7 11. O-O O-O 12. Nd2 Re8 13. Rad1 Bd6 14. g3 h6 15. Bxf6 Nxf6 16. e4 dxe4 17. Ndxe4 {0-1 (48) Sanikidze,T (2458)-Golod,V (2606) Plovdiv 2008}) 11. O-O Be7 12. Rad1 Re8 13. Ne5 Nbd7 14. f4 Nb8 {[%emt 0:00:30] A balanced but interesting game.  Weighted Error Value: White=0.05 (flawless) /Black=0.05 (flawless)} 1/2-1/2

[Event "Romanian Superleague 2022"]
[Site "Oradea"]
[Date "2022.09.28"]
[Round "8.22"]
[White "Szabo, Gergely-Andras-Gyula"]
[Black "Rogozenco, Dorian"]
[Result "1-0"]
[ECO "B30"]
[WhiteElo "2512"]
[BlackElo "2438"]
[Annotator "TA"]
[PlyCount "81"]
[EventDate "2022.09.21"]
[EventType "team-tourn"]
[EventCountry "ROU"]
[SourceTitle "playchess.com"]
[Source "ChessBase"]
[SourceQuality "1"]
[TimeControl "40/5400+30:1800+30"]

1. e4 c5 2. Nf3 Nc6 3. Bc4 e6 4. O-O a6 5. d4 cxd4 6. Nxd4 {[%emt 0:00:09] B30: Sicilian: 2...Nc6 3 Bb5, lines without ...g6.} Qc7 7. Nxc6 Qxc6 8. Bd3 {[%emt 0:04:20] [#] White is slightly better.} Ne7 $146 ({Predecessor:} 8... h5 9. Qe2 Qc7 10. Nd2 Nf6 11. h3 d6 12. Nf3 e5 13. Ng5 Be7 14. f4 Bd7 {1-0 (128) Hauge,L (2526)-Devereaux,M (2308) Kongsvinger 2022}) 9. b3 Ng6 10. Bb2 e5 (10... b6 $11) 11. Nc3 $16 Be7 12. Nd5 d6 13. a4 Be6 14. Bc4 O-O 15. Ba3 Rad8 16. Qd3 (16. Nxe7+ Nxe7 17. Bxe6 fxe6 $11) 16... Bg5 17. g3 {[%emt 0:01:22] Against Nf4} Bh3 18. Rfd1 Qc8 19. Nb6 Qc6 {[%emt 0:11:35] [#]} 20. a5 Bg4 21. f3 (21. Bxd6 $2 Bxd1 22. Rxd1 Be7 $19) 21... Be6 (21... Bh3 $16 22. c3 (22. Bxd6 $2 Be7 $19) 22... h5) 22. Kg2 (22. Bxd6 $2 Be7 23. Bxe6 fxe6 $19) 22... Be7 23. Rd2 Bg5 24. Re2 h5 25. Rd1 Be7 (25... Rfe8 $16 {is a better defense.} 26. Bd5 (26. Bxd6 Be7 $17) 26... Bxd5) 26. Bd5 $18 Bxd5 27. Qxd5 Qc7 28. Nc4 Rd7 29. Rd3 (29. Bxd6 Bxd6 30. Nxd6 Rfd8 31. Qxb7 Qxb7 32. Nxb7 Rxd1 $17) 29... Qb8 30. Nb6 (30. Bxd6 $2 Bxd6 31. Rd1 (31. Nxd6 $2 Rfd8 $19) 31... Rfd8 $19) 30... Rdd8 31. Nc4 Rd7 $1 32. Red2 {[%emt 0:01:28] White is much more active. The black rooks are badly placed.} ({Don't blunder} 32. Bxd6 $2 Bxd6 33. Rd1 (33. Nxd6 $2 Rfd8 $19) 33... Rfd8 $19) 32... Rfd8 33. Nb6 $36 {[%emt 0:00:34][%mdl 2048] White is on the roll.} Rc7 {[%emt 0:00:07] [#]} 34. c4 $1 Bg5 (34... Nf8 $16 35. c5 Rc6) 35. Rd1 ({But not} 35. Bxd6 Bxd2 36. Rxd2 h4 $18) 35... Ne7 $2 {[%emt 0:01:30] [#]} (35... Bf6 {was necessary.}) 36. Qxe5 $3 Bf6 (36... dxe5 37. Rxd8+) 37. Qxh5 g6 38. Qg4 Nc6 39. Bxd6 Ne5 40. Bxe5 Rxd3 41. Bxc7 {[%emt 0:00:26] Weighted Error Value: White=0.11 (very precise) /Black=0.41} (41. Bxf6 $142 Rc6 42. Rxd3 Rxf6 43. Nd7) 1-0